 Dungeon Crawl Stone Soup version 0.26-a0-667-g92642533e4 (webtiles) character file.

Game seed: 16077835348128382207

452658 Birvald the Scorcher (level 24, 0/152 HPs)
             Began as a Gargoyle Earth Elementalist on Oct 17, 2020.
             Was the Champion of Vehumet.
             Killed from afar by a deep elf mage (18 damage)
             ... with a shard of ice
             ... led by an ironheart preserver
             ... on level 5 of the Vaults on Oct 18, 2020.
             The game lasted 02:50:21 (62935 turns).

Birvald the Scorcher (Gargoyle Earth Elementalist) Turns: 62935, Time: 02:50:22

Health: 0/152      AC: 46    Str: 17    XL:     24   Next: 32%
Magic:  28/41      EV: 26    Int: 27    God:    Vehumet [******]
Gold:   3010       SH:  5    Dex: 10    Spells: 10/52 levels left

rFire    . . .     SeeInvis .   N - +4 morningstar (elec)
rCold    . . .     Faith    .   (no shield)
rNeg     + . .     Spirit   .   H - +2 robe {Archmagi}
rPois    ∞         Reflect  +   M - +2 hat
rElec    +         Harm     .   V - +2 cloak {Stlth+}
rCorr    .         Rampage  +   o - +2 pair of gloves
MR       +....                  Q - +2 pair of boots {rampage}
Stlth    ++........             e - amulet "Bevympeg" {Reflect Str+4 Slay+5 SH+5}
HPRegen  0.35/turn              R - ring of Robustness {AC+8}
MPRegen  0.27/turn              O - ring of Phasing {EV+8}

@: about to teleport, flying
A: antennae 1, big wings, icy blue scales 1, yellow scales 1, negative energy
resistance 1, electricity resistance, unbreathing, petrification resistance, rot
immunity, AC +18
}: 2/15 runes: serpentine, barnacled
a: Stop Flying, Renounce Religion


You were on level 5 of the Vaults.
You worshipped Vehumet.
Vehumet was exalted by your worship.
You visited 8 branches of the dungeon, and saw 40 of its levels.
You visited the Abyss 1 time.
You also visited: Gauntlet.

You collected 6491 gold pieces.
You spent 3481 gold pieces at shops.

Inventory:

Hand Weapons
 N - a +4 morningstar of electrocution (weapon)
Missiles
 Y - 8 throwing nets (quivered)
Armour
 o - a +2 pair of gloves (worn)
 y - +5 steam dragon scales
 H - a +2 robe of the Archmagi (worn)
 M - a +2 hat (worn)
 Q - a +2 pair of boots of rampaging (worn)
 V - a +2 cloak of stealth (worn)
Jewellery
 e - the amulet "Bevympeg" (around neck) {Reflect Str+4 Slay+5 SH+5}
   (You found it on level 4 of the Dungeon)

   [amulet of reflection]

   It shields you and reflects attacks.
   It affects your strength (+4).
   It affects your accuracy and damage with ranged weapons and melee attacks
   (+5).
   It affects your SH (+5).
 h - an uncursed ring of protection from fire
 i - an uncursed ring of protection from cold
 n - a +6 ring of intelligence
 q - the amulet of Vitality {Regen+ HP+15}
   (You took it off a deep elf annihilator on level 3 of the Elven Halls)

   [amulet of regeneration]

   It affects your health (+15).
   It increases your rate of regeneration.
 u - the ring of Qokapiso {MR+ SInv}
   (You found it on level 6 of the Dungeon)

   [ring of see invisible]

   It affects your resistance to hostile enchantments.
   It lets you see invisible.
 v - the ring of Nipneimuf {*Corrode +Inv rC+ Dex+10 SInv}
   (You took it off a deep elf annihilator on level 3 of the Elven Halls)

   [ring of see invisible]

   It affects your dexterity (+10).
   It protects you from cold.
   It lets you see invisible.
   It lets you turn invisible.
   It may corrode you when you take damage.
 A - the ring "Bycraol" {rF+ MR+ MP+9 Stlth-}
   (You took it off a deep elf demonologist on level 3 of the Elven Halls)

   [ring of protection from magic]

   It protects you from fire.
   It affects your resistance to hostile enchantments.
   It affects your magic capacity (+9).
   It makes you less stealthy.
 O - the ring of Phasing (right hand) {EV+8}
   (You bought it in a shop on level 1 of the Vaults)

   [ring of evasion]

   It affects your evasion (+8).
 R - the ring of Robustness (left hand) {AC+8}
   (You found it on level 1 of the Lair of Beasts)

   [ring of protection]

   It affects your AC (+8).
Wands
 s - a wand of paralysis (13)
 D - a wand of digging (14)
 G - a wand of polymorph (19)
 J - a wand of iceblast (36)
 K - a wand of disintegration (16)
Scrolls
 a - 3 scrolls of magic mapping
 c - 5 scrolls of enchant armour
 j - 19 scrolls of remove curse
 m - 37 scrolls of identify
 p - 20 scrolls of teleportation
 z - 2 scrolls of brand weapon
 C - 5 scrolls of amnesia
 S - 4 scrolls of fog
 U - a scroll of holy word
 W - a scroll of blinking
Potions
 d - a potion of mutation
 f - 5 potions of stabbing
 g - 2 potions of invisibility
 k - 2 potions of cancellation
 r - 8 potions of might
 w - a potion of ambrosia
 E - 7 potions of brilliance
 F - 6 potions of curing
 L - 6 potions of haste
 P - a potion of magic
 X - 2 potions of resistance
Miscellaneous
 t - a lightning rod (4/4)
 B - a tin of tremorstones (3/3)
 I - a phantom mirror
 Z - a condenser vane (2/2)


   Skills:
 + Level 16.0 Fighting
 - Level 16.0 Maces & Flails
 - Level 6.0 Armour
 + Level 12.9 Dodging
 - Level 2.1 Stealth
 + Level 14.6 Spellcasting
 + Level 16.7 Conjurations
   Level 0.7 Transmutations
 * Level 18.5 Fire Magic
 + Level 18.4 Earth Magic
 - Level 10.0 Evocations


You had 10 spell levels left.
You knew the following spells:

 Your Spells              Type           Power        Failure   Level
a - Shatter               Erth           ########..   34%         9
b - Stone Arrow           Conj/Erth      ######       0%          3
c - Lee's Rapid Deconstr  Erth           ########..   1%          5
d - Iron Shot             Conj/Erth      ########..   1%          6
f - Fireball              Conj/Fire      ########..   1%          5
g - Ignition              Fire           ########..   2%          8
h - Starburst             Conj/Fire      ########..   1%          6

Your spell library contained the following spells:

 Spells                   Type           Power        Failure   Level
 Lehudib's Crystal Spear  Conj/Erth      ########..   3%          8
 Fire Storm               Conj/Fire      ########..   43%         9
 Chain Lightning          Conj/Air       #######...   78%         8
 Magic Dart               Conj           ####         0%          1
 Sandblast                Erth           ######       0%          1
 Conjure Flame            Conj/Fire      ########     0%          3
 Beastly Appendage        Tmut           #####.       1%          1
 Passwall                 Tmut/Erth      #######.     1%          2
 Dazzling Flash           Conj/Hex       ######       1%          3
 Ignite Poison            Fire/Tmut/Pois ######..     1%          3
 Mephitic Cloud           Conj/Pois/Air  ######..     1%          3
 Leda's Liquefaction      Hex/Erth       #######...   1%          4
 Petrify                  Tmut/Erth      #######.     1%          4
 Bolt of Magma            Conj/Fire/Erth ########..   1%          5
 Corona                   Hex            ####...      2%          1
 Sting                    Tmut/Pois      ####         2%          1
 Wereblood                Tmut           #####...     3%          2
 Blink                    Tloc           N/A          4%          2
 Call Imp                 Summ           ####....     4%          2
 Corpse Rot               Necr/Air       N/A          4%          2
 Ensorcelled Hibernation  Hex/Ice        ####..       4%          2
 Poisonous Vapours        Pois/Air       ####..       4%          2
 Slow                     Hex            ####....     4%          2
 Swiftness                Air            ####....     4%          2
 Spider Form              Tmut/Pois      ####......   7%          3
 Olgreb's Toxic Radiance  Pois           ####....     7%          4
 Confusing Touch          Hex            ####....     8%          3
 Gell's Gravitas          Tloc           ####......   8%          3
 Tukima's Dance           Hex            ####....     8%          3
 Freezing Cloud           Conj/Ice/Air   ######....   11%         6
 Yara's Violent Unravell  Hex/Tmut       ####......   17%         5
 Ice Form                 Ice/Tmut       ####....     22%         4
 Dispel Undead            Necr           ####....     26%         4
 Passage of Golubria      Tloc           N/A          26%         4
 Summon Lightning Spire   Summ/Air       ####....     26%         4
 Blade Hands              Tmut           #####.....   50%         5
 Agony                    Necr           ####....     58%         5
 Excruciating Wounds      Necr           ####......   58%         5
 Metabolic Englaciation   Hex/Ice        ####......   58%         5
 Summon Demon             Summ           ####......   58%         5
 Summon Forest            Summ/Tloc      ####......   58%         5
 Summon Mana Viper        Hex/Summ       ####....     58%         5
 Invisibility             Hex            ####....     99%         6
 Shadow Creatures         Summ           N/A          99%         6
 Summon Hydra             Summ           ####......   100%        7
 Sublimation of Blood     Necr           Unusable     N/A         2
 Statue Form              Tmut/Erth      Unusable     N/A         6

Dungeon Overview and Level Annotations

Branches:
Dungeon (15/15)            Temple (1/1) D:5            Lair (6/6) D:10
 Shoals (4/4) Lair:4        Snake (4/4) Lair:2        Slime (0/5) Lair:5
    Orc (2/2) D:12            Elf (3/3) Orc:2        Vaults (5/5) D:14
  Crypt (0/3) Vaults:3     Depths (0/5) D:15        Gauntlet (visited)

Altars:
Cheibriados
Dithmenos
Fedhas
Gozag
Hepliaklqana
Kikubaaqudgha
Okawaru
Sif Muna
Trog
Uskayaw
Vehumet
Xom
Yredelemnul
Beogh
Jiyva

Shops:
D:7 :   D:11 *   Orc:2 :*[   Elf:1 ?   Elf:2 ?   Elf:3 (=   Shoals:2 *
Shoals:3 (?   Shoals:4 ?([   Snake:3 }}=   Vaults:1 =

Annotations:
Lair:3 1 runed translucent door, Leupn's ghost, journeyman GnSk
Orc:1 3 runed translucent doors, Huky's ghost, journeyman DsGl; Titucw's ghost, journeyman DrVM; Voek's ghost, journeyman HOFi
Elf:2 3 runed translucent doors
Elf:3 1 runed translucent door, ZangPog's ghost, adept DsGl


Innate Abilities, Weirdness & Mutations

You are resistant to torment.
Your stone body is resilient. (AC +18)
You are immune to poison.
Your large and strong wings let you fly indefinitely.
You resist negative energy. (rN+)
You are resistant to electric shocks. (rElec)
You can survive without breathing.
You are immune to petrification.
You are immune to rotting.
You have a pair of small antennae on your head.
You are partially covered in icy blue scales. (AC +2)
You are partially covered in yellow scales. (AC +2)


Message History

* * * LOW HITPOINT WARNING * * *
The golden dragon claws you but does no damage.
The golden dragon tramples you but does no damage.
Things that are here:
quicksilver dragon scales; a quicksilver dragon corpse Unknown command.
The golden dragon bites you!
* * * LOW HITPOINT WARNING * * *
The golden dragon completely misses you. x2
Unknown command.
Press: ? - help, Dir - move target cursor
As you read the scroll of blinking, it crumbles to dust. 2 deep elf magi come into view.
The deep elf mage shouts!
A deep elf archer comes into view. It is wielding a +0 short sword.
As you read the scroll of teleportation, it crumbles to dust.
You feel strangely unstable.
The deep elf mage points at you and mumbles some strange words.
The shard of ice hits you!!
You die...

#.e# #..# #..#
#..# #e.# #..#
#.e# #####.@#
...#..# ...#..#
..#..# {{{.)...#
#############)...#
......).)))(.†D..#
..)..)))(.).[....#
##################


You could see a golden dragon, a deep elf archer (repels missiles) and 2 deep
elf magi.

Vanquished Creatures
  Mennas (Vaults:4)
  Boris (Vaults:4)
  Sojobo (Vaults:2)
  Bai Suzhen (Vaults:2)
  Nikola (Snake:4)
  A bone dragon (Abyss:2)
  2 tentacled monstrosities (Vaults:5)
  2 quicksilver dragons (Vaults:5)
  2 deep elf master archers (Elf:3)
  2 deep elf blademasters (Elf:3)
  Asterion (Snake:2)
  Polyphemus (Shoals:4)
  2 sphinxes
  2 krakens (Shoals:4)
  4 tengu reavers
  3 storm dragons
  4 nagarajas (Snake:4)
  2 fire giants
  8 deep elf sorcerers
  5 orc warlords
  3 frost giants (Vaults:3)
  11 vault wardens
  23 ironheart preservers
  4 deep elf elementalists
  7 very ugly things
  8 stone giants
  An entropy weaver (shapeshifter) (Elf:3)
  A vampire knight (Vaults:3)
  8 deep elf demonologists
  3 entropy weavers
  A minotaur (Gauntlet)
  6 deep elf annihilators
  2 merfolk javelineers (Shoals:4)
  5 ettins
  8 deep elf death magi
  4 fire dragons
  6 merfolk impalers
  2 crystal guardians
  2 deep elf high priests (Elf:3)
  3 great orbs of eyes
  9 yaktaur captains
  39 vault guards
  Josephine (Snake:1)
  3 ice dragons
  7 boulder beetles
  14 hydras
  A rakshasa (Vaults:1)
  3 merfolk avatars
  4 satyrs
  18 naga warriors
  10 centaur warriors
  8 anacondas
  A catoblepas (Shoals:4)
  4 alligator snapping turtles
  9 ogre magi
  A death knight (Vaults:1)
  A tengu warrior (D:14)
  21 two-headed ogres
  15 dancing weapons
  A queen ant (Lair:5)
  5 orc high priests
  4 death yaks (Shoals:4)
  11 merfolk aquamancers
  A deep troll earth mage (Vaults:3)
  11 shock serpents
  A vampire mage (Vaults:3)
  19 naga sharpshooters
  A storm dragon zombie (Vaults:5)
  Sonja (Lair:2)
  13 deep elf knights
  A shadow wraith (Vaults:2)
  3 small abominations
  13 sea snakes
  6 naga ritualists
  5 unseen horrors
  A flayed ghost (Vaults:5)
  An unseen horror (shapeshifter) (Vaults:5)
  A glowing orange brain (Vaults:1)
  An entropy weaver zombie (Vaults:2)
  Pikel (D:6)
  2 phantasmal warriors (Vaults:3)
  14 deep elf archers
  15 deep trolls
  28 harpies
  18 ironbrand convokers
  14 orc knights
  5 orc sorcerers
  2 necromancers
  5 wolf spiders
  2 wizards
  69 deep elf magi
  9 mana vipers
  17 fauns
  37 ugly things
  8 cyclopes
  8 manticores
  10 salamanders
  4 oklob plants (Lair:4)
  29 black mambas
  2 frost giant zombies (Vaults:5)
  A manticore (shapeshifter) (Vaults:4)
  A stone giant skeleton (Vaults:5)
  A guardian serpent (shapeshifter) (Vaults:4)
  5 guardian serpents
  9 merfolk sirens
  A torpor snail (Lair:3)
  An ice statue (Gauntlet)
  2 water nymphs (Shoals:4)
  2 eyes of devastation (Vaults:3)
  28 naga magi
  An orange demon (Abyss:2)
  A gargoyle (D:11)
  18 vault sentinels
  4 elephants (Lair:2)
  4 centaur skeletons
  27 cane toads
  A human zombie (Vaults:2)
  26 yaktaurs
  Maggie (D:6)
  5 freezing wraiths
  7 komodo dragons
  6 rime drakes
  An efreet (D:14)
  A tormentor (Abyss:2)
  An entropy weaver simulacrum (Vaults:3)
  5 trolls
  An ancient zyme (Abyss:2)
  2 polar bears
  27 merfolk
  5 hornets
  2 meliai (shapeshifter)
  Grinder (D:6)
  5 wind drakes
  A tengu simulacrum (Vaults:1)
  Prince Ribbit (D:7)
  3 tyrant leeches (Lair:6)
  A wind drake (shapeshifter) (Elf:1)
  A meliai zombie (D:13)
  43 blink frogs
  28 slime creatures
  25 dream sheep
  A blink frog (shapeshifter) (Vaults:4)
  An air elemental (Elf:1)
  3 raiju (Abyss:2)
  A tarantella (shapeshifter) (D:14)
  2 flying skulls
  7 snapping turtles
  17 water elementals
  5 shadows
  An ettin skeleton (Vaults:2)
  A vampire (D:13)
  8 wyverns
  8 wraiths
  A ynoxinul (Abyss:2)
  67 yaks
  2 fire elementals
  A basilisk (shapeshifter) (Vaults:3)
  A fire bat (Gauntlet)
  10 basilisks
  A steam dragon (D:14)
  A chaos spawn (Abyss:2)
  10 vampire mosquitoes
  46 nagas
  4 wargs
  A swamp worm (shapeshifter) (Vaults:5)
  4 acid dragons
  5 soldier ants
  2 soldier ants (shapeshifter)
  A floating eye (Vaults:3)
  An acid dragon (shapeshifter) (Vaults:2)
  32 water moccasins
  3 hell hounds (D:15)
  A phantom (D:10)
  4 sky beasts
  3 black bears
  A black bear (shapeshifter) (Vaults:3)
  55 orc warriors
  A swamp drake (Orc:1)
  6 ice beasts
  2 hornet zombies
  36 ogres
  6 wolves
  An orc skeleton (Vaults:2)
  2 eyes of draining (D:14)
  A human skeleton (Vaults:2)
  31 centaurs
  36 bullfrogs
  A big kobold (D:12)
  2 earth elementals (Elf:1)
  A deep troll simulacrum (Vaults:2)
  A wyvern skeleton (D:11)
  6 scorpions
  17 killer bees
  6 wights
  4 howler monkeys
  6 electric eels
  A crimson imp (Orc:1)
  3 centaur zombies
  8 hounds
  10 starcursed masses (Abyss:2)
  A yaktaur simulacrum (Vaults:1)
  A bullfrog skeleton (D:5)
  2 human simulacra
  5 jellies
  A quasit (D:9)
  Crazy Yiuf (D:5)
  36 orc priests
  2 iron imps
  5 hell rats (D:15)
  3 iguanas
  21 orc wizards
  25 worker ants
  A killer bee zombie (D:9)
  2 hound zombies
  A howler monkey skeleton (D:4)
  12 adders
  3 shadow imps
  3 white imps
  5 ufetubi
  2 oozes (D:4)
  2 worms
  2 dart slugs
  7 leopard geckos
  116 orcs
  A ball python (D:6)
  9 bats
  2 giant cockroaches
  5 goblins
  8 hobgoblins
  12 jackals
  6 quokkas
  A frilled lizard (D:3)
  13 kobolds
  A quokka skeleton (D:4)
  A quokka zombie (D:9)
  9 rats
  2 crawling corpses (Elf:3)
  5 tentacles (Shoals:4)
1862 creatures vanquished.

Vanquished Creatures (collateral kills)
  Vashnia (Snake:2)
1 creature vanquished.

Vanquished Creatures (others)
  Frederick (Vaults:4)
  A golden dragon (Vaults:5)
  2 merfolk aquamancers (Shoals:2)
  2 deep elf knights
  2 deep elf magi (Elf:2)
  A faun (Shoals:3)
  A wizard (D:3)
  A naga (Snake:1)
  An orc warrior (Orc:2)
  An orc wizard (Orc:2)
  A bush (Lair:6)
  63 fungi
  231 plants
  3 tentacles (Shoals:4)
311 creatures vanquished.

Grand Total: 2174 creatures vanquished

Notes
Turn   | Place    | Note
-------+----------+-------------------------------------------
     0 | D:1      | Birvald the Gargoyle Earth Elementalist began the quest for
                  | the Orb.
     0 | D:1      | Reached XP level 1. HP: 10/10 MP: 3/3
   641 | D:1      | Reached XP level 2. HP: 15/15 MP: 5/5
  1682 | D:2      | Reached XP level 3. HP: 12/19 MP: 6/6
  1687 | D:2      | Learned a level 3 spell: Stone Arrow
  2077 | D:2      | Found an opulent altar of Gozag.
  2077 | D:2      | Found a blossoming altar of Fedhas.
  2077 | D:2      | Found a radiant altar of Vehumet.
  2087 | D:2      | Became a worshipper of Vehumet
  2226 | D:2      | Reached skill level 1 in Conjurations
  2307 | D:2      | Found a faded altar of an unknown god.
  2407 | D:2      | Reached XP level 4. HP: 19/24 MP: 8/8
  2927 | D:3      | Reached * piety under Vehumet
  2927 | D:3      | Offered knowledge of Freeze by Vehumet.
  3106 | D:3      | Found a basalt altar of Yredelemnul.
  3134 | D:3      | Found a bloodstained altar of Trog.
  3135 | D:3      | Noticed a wizard
  3377 | D:3      | Killed a wizard
  3428 | D:4      | Found a snail-covered altar of Cheibriados.
  3479 | D:4      | Reached skill level 5 in Earth Magic
  3634 | D:4      | Reached XP level 5. HP: 24/28 MP: 8/10
  3719 | D:4      | HP: 1/28 [orc priest/divine providence (8)]
  3888 | D:4      | Got a steaming ivory amulet
  3894 | D:4      | Identified the amulet "Bevympeg" {Reflect Str+4 Slay+5
                  | SH+5} (You found it on level 4 of the Dungeon)
  4169 | D:4      | Reached XP level 6. HP: 23/32 MP: 11/11
  4668 | D:5      | Entered Level 5 of the Dungeon
  4674 | D:5      | Reached XP level 7. HP: 36/36 MP: 3/13
  4760 | D:5      | Found a hide-covered altar of Uskayaw.
  4761 | D:5      | Noticed a +0 hand axe
  4761 | D:5      | Noticed a +0 hand axe
  4786 | D:5      | HP: 1/54 [ogre/+0 giant spiked club (16)]
  5093 | D:5      | Learned a level 5 spell: Lee's Rapid Deconstruction
  5111 | D:5      | Offered knowledge of Shock by Vehumet.
  5111 | D:5      | Reached skill level 5 in Spellcasting
  5111 | D:5      | Reached skill level 5 in Conjurations
  5111 | D:5      | Reached XP level 8. HP: 24/41 MP: 3/15
  5472 | D:5      | Reached ** piety under Vehumet
  5485 | D:5      | Found a staircase to the Ecumenical Temple.
  5502 | Temple   | Entered the Ecumenical Temple
  5671 | D:5      | Found a runed translucent door.
  5672 | D:5      | Noticed Crazy Yiuf
  5678 | D:5      | Killed Crazy Yiuf
  5827 | D:6      | Found an iron altar of Okawaru.
  5869 | D:6      | Got a brightly glowing glass ring
  5871 | D:6      | Identified the ring of Qokapiso {MR+ SInv} (You found it on
                  | level 6 of the Dungeon)
  5891 | D:6      | Noticed Grinder
  5895 | D:6      | Killed Grinder
  5895 | D:6      | Reached skill level 1 in Fighting
  5895 | D:6      | Reached skill level 1 in Maces & Flails
  5895 | D:6      | Reached skill level 1 in Armour
  5895 | D:6      | Reached skill level 1 in Evocations
  6019 | D:6      | Noticed Pikel
  6035 | D:6      | Killed Pikel
  6035 | D:6      | Reached XP level 9. HP: 26/49 MP: 10/17
  6368 | D:6      | Noticed Maggie
  6375 | D:6      | Killed Maggie
  6676 | D:6      | Gained mutation: You are partially covered in yellow
                  | scales. (AC +2) [potion of mutation]
  6676 | D:6      | Gained mutation: You have a pair of small antennae on your
                  | head. [potion of mutation]
  6676 | D:6      | Gained mutation: You are partially covered in icy blue
                  | scales. (AC +2) [potion of mutation]
  6878 | D:7      | Found Uwuujox's Book Shop.
  7122 | D:7      | Noticed Prince Ribbit
  7133 | D:7      | Killed Prince Ribbit
  7506 | D:7      | Found a shadowy altar of Dithmenos.
  7835 | D:8      | Reached XP level 10. HP: 41/56 MP: 19/19
  8130 | D:8      | Found an iron altar of Okawaru.
  8368 | D:8      | Offered knowledge of Searing Ray by Vehumet.
  8638 | D:8      | Found a hazy altar of Hepliaklqana.
  8710 | D:9      | Reached *** piety under Vehumet
  9184 | D:9      | Noticed a two-headed ogre
  9189 | D:9      | Killed a two-headed ogre
  9229 | D:9      | Offered knowledge of Ignite Poison by Vehumet.
  9324 | D:9      | Reached skill level 5 in Fighting
  9480 | D:9      | Noticed a red ugly thing
  9488 | D:9      | Killed a red ugly thing
  9488 | D:9      | Reached skill level 5 in Armour
  9488 | D:9      | Reached XP level 11. HP: 43/64 MP: 12/21
  9719 | D:9      | Killed an unseen horror
 10008 | D:10     | Entered Level 10 of the Dungeon
 10204 | D:10     | Found a staircase to the Lair.
 10298 | D:10     | Reached skill level 5 in Maces & Flails
 10312 | D:10     | Noticed a two-headed ogre
 10318 | D:10     | Killed a two-headed ogre
 10685 | D:10     | Reached **** piety under Vehumet
 11235 | D:11     | Noticed a manticore
 11237 | D:11     | Found a shimmering altar of Xom.
 11245 | D:11     | Killed a manticore
 11466 | D:11     | Found Himib's Changing Room.
 11563 | D:11     | Offered knowledge of Lightning Bolt by Vehumet.
 11736 | D:11     | Reached skill level 10 in Earth Magic
 12066 | D:12     | Found a staircase to the Orcish Mines.
 12066 | D:12     | Noticed a cyclops
 12076 | D:12     | Killed a cyclops
 12356 | D:12     | Reached skill level 5 in Evocations
 12632 | D:7      | Bought a book of the Earth for 650 gold pieces
 12639 | D:7      | Learned a level 6 spell: Iron Shot
 12645 | D:7      | Learned a level 5 spell: Bolt of Magma
 12843 | D:12     | Reached skill level 5 in Dodging
 12859 | D:12     | Reached XP level 12. HP: 65/71 MP: 12/23
 12868 | D:12     | Noticed a four-headed hydra
 12873 | D:12     | Killed a four-headed hydra
 13174 | D:12     | Reached ***** piety under Vehumet
 13174 | D:12     | Offered knowledge of Orb of Destruction by Vehumet.
 13214 | D:12     | Noticed a boulder beetle
 13233 | D:12     | Killed a boulder beetle
 14052 | D:13     | Noticed a centaur warrior
 14066 | D:13     | Killed a centaur warrior
 14298 | D:13     | Noticed a centaur warrior
 14307 | D:13     | Reached skill level 1 in Fire Magic
 14308 | D:13     | Killed a centaur warrior
 14319 | D:13     | Noticed a two-headed ogre
 14352 | D:13     | Killed a two-headed ogre
 14353 | D:13     | Reached XP level 13. HP: 38/78 MP: 6/25
 15752 | D:14     | Found a gate to the Vaults.
 15752 | D:14     | Noticed an ironheart preserver
 15777 | D:14     | Killed an ironheart preserver
 15942 | D:14     | Found an opulent altar of Gozag.
 16137 | D:14     | Reached skill level 5 in Fire Magic
 16138 | D:14     | Reached skill level 10 in Conjurations
 16823 | Lair:1   | Entered Level 1 of the Lair of Beasts
 16836 | Lair:1   | Found a hazy altar of Hepliaklqana.
 17217 | Lair:1   | Found a transporter.
 17218 | Lair:1   | Found a transporter.
 17244 | Lair:1   | Gained mutation: Your large and strong wings let you fly
                  | indefinitely. [Gargoyle growth]
 17244 | Lair:1   | Reached XP level 14. HP: 66/84 MP: 3/27
 17384 | Lair:1   | Found the ring of Robustness {AC+8}
 18575 | Lair:2   | Noticed Sonja
 18581 | Lair:2   | Killed Sonja
 19038 | Lair:2   | Offered knowledge of Spellforged Servitor by Vehumet.
 19206 | Lair:2   | Found a staircase to the Snake Pit.
 20584 | Lair:3   | Noticed Leupn's ghost (journeyman GnSk)
 20594 | Lair:3   | Found a runed translucent door.
 22183 | Lair:4   | Found a staircase to the Shoals.
 22423 | Lair:4   | Offered knowledge of Fireball by Vehumet.
 23124 | Lair:5   | Reached XP level 15. HP: 91/92 MP: 15/28
 23158 | Lair:5   | Found a gate leading to a gauntlet.
 23178 | Gauntlet | Entered a Gauntlet
 23178 | Gauntlet | Found a large runed translucent door.
 23178 | Gauntlet | Found a large runed translucent door.
 23178 | Gauntlet | Found a large runed translucent door.
 23178 | Gauntlet | Found a large runed translucent door.
 23178 | Gauntlet | Found a runed translucent door.
 23178 | Gauntlet | Found a large runed translucent door.
 23178 | Gauntlet | Found a large runed translucent door.
 23178 | Gauntlet | Found a transporter.
 23178 | Gauntlet | Found a transporter.
 23178 | Gauntlet | Found a large runed translucent door.
 23178 | Gauntlet | Found a large runed translucent door.
 23178 | Gauntlet | Found a runed translucent gate.
 23178 | Gauntlet | Found a runed translucent gate.
 23178 | Gauntlet | Found a transporter.
 23178 | Gauntlet | Found a transporter.
 23236 | Gauntlet | Found a transporter.
 23246 | Gauntlet | Found a transporter.
 23261 | Gauntlet | Found a transporter.
 23269 | Gauntlet | Found a transporter.
 23286 | Gauntlet | Found a transporter.
 23294 | Gauntlet | Found a transporter.
 23311 | Gauntlet | Found a transporter.
 23334 | Gauntlet | Found a runed translucent door.
 23335 | Gauntlet | Found a large runed translucent door.
 23335 | Gauntlet | Found a large runed translucent door.
 23335 | Gauntlet | Found a large runed translucent door.
 23335 | Gauntlet | Found a large runed translucent door.
 23336 | Gauntlet | Found a large runed translucent door.
 23336 | Gauntlet | Found a large runed translucent door.
 23337 | Gauntlet | Found a large runed translucent door.
 23337 | Gauntlet | Found a large runed translucent door.
 23346 | Gauntlet | Found a runed translucent gate.
 23366 | Gauntlet | Found a transporter.
 23552 | Gauntlet | Got an encrusted helmet
 23556 | Gauntlet | Identified the +0 helmet of Narcissism {*Slow MP+9 Int+2}
                  | (You found it in a Gauntlet)
 23679 | Gauntlet | Got a slimy steel ring
 23684 | Gauntlet | Identified the ring of Damuos {+Blink Str-3 Int+7 Dex-5
                  | Stlth-} (You found it in a Gauntlet)
 23832 | Gauntlet | Reached skill level 10 in Spellcasting
 23844 | Gauntlet | Got a smouldering helmet
 23845 | Gauntlet | Identified the cursed +0 helmet of Taclesel {rPois rN+
                  | Stlth+} (You found it in a Gauntlet)
 24134 | Lair:5   | Found a viscous altar of Jiyva.
 24135 | Lair:5   | Found a staircase to the Slime Pits.
 24490 | Lair:5   | Reached skill level 10 in Fighting
 24944 | Lair:6   | Entered Level 6 of the Lair of Beasts
 25689 | Lair:6   | Learned a level 5 spell: Fireball
 25705 | Lair:6   | Offered knowledge of Yara's Violent Unravelling by Vehumet.
 25888 | Lair:6   | Reached skill level 10 in Maces & Flails
 26967 | Lair:6   | Reached skill level 10 in Fire Magic
 26975 | Lair:6   | Reached XP level 16. HP: 73/98 MP: 30/30
 27559 | Orc:1    | Entered Level 1 of the Orcish Mines
 27980 | Orc:1    | You are sucked into a shaft and drop 1 floor!
 27980 | Orc:2    | Entered Level 2 of the Orcish Mines
 28227 | Orc:1    | Learned a level 2 spell: Passwall
 28313 | Orc:2    | Reached ****** piety under Vehumet
 28569 | Orc:1    | Found a runed translucent gate.
 28569 | Orc:1    | Found a runed translucent gate.
 28569 | Orc:1    | Found a runed translucent gate.
 28570 | Orc:1    | Noticed Voek's ghost (journeyman HOFi)
 28570 | Orc:1    | Noticed Titucw's ghost (journeyman DrVM)
 28571 | Orc:1    | Noticed Huky's ghost (journeyman DsGl)
 29374 | Orc:2    | Found a staircase to the Elven Halls.
 29646 | Orc:2    | Offered knowledge of Starburst by Vehumet.
 29973 | Orc:2    | Found Esunorr's General Store.
 30133 | Orc:2    | Found a roughly hewn altar of Beogh.
 30144 | Orc:2    | Found Qemael's Book Shop.
 30596 | Orc:2    | Found a roughly hewn altar of Beogh.
 30711 | Orc:2    | Found Filik's Armour Boutique.
 30732 | Orc:2    | Found Toupn's General Store.
 31213 | Orc:2    | Learned a level 6 spell: Starburst
 31350 | D:15     | Entered Level 15 of the Dungeon
 31577 | D:15     | Identified the +5 war axe of Magnificence {vorpal, rN+}
 31998 | D:15     | Offered knowledge of Ozocubu's Refrigeration by Vehumet.
 32326 | D:15     | Found a staircase to the Depths.
 32842 | Snake:1  | Entered Level 1 of the Snake Pit
 33210 | Snake:1  | Identified a scroll of acquirement
 33210 | Snake:1  | Acquired 1155 gold pieces
 33282 | Snake:1  | Noticed Josephine
 33407 | Snake:1  | Killed Josephine
 33433 | Snake:1  | Identified the +9 long sword "Exteec" {freeze, rN+}
 33474 | Snake:1  | Reached XP level 17. HP: 62/104 MP: 2/31
 34547 | Snake:2  | Noticed Vashnia
 34569 | Snake:2  | Killed Vashnia
 35306 | Snake:2  | Noticed Asterion
 35319 | Snake:2  | HP: 2/104 [balrug/divine providence[Asterion] (10)]
 35709 | Snake:2  | Killed Asterion
 36893 | Snake:3  | Offered knowledge of Ignition by Vehumet.
 37575 | Snake:3  | Found Hejyame's Gadget Shop.
 37579 | Snake:3  | Found Ytoisycy's Jewellery Emporium.
 37580 | Snake:3  | Found Irex's Gadget Shop.
 37655 | Snake:3  | Identified the +0 pair of gloves of the Cooper {rPois
                  | Regen+ Str-5 Dex+7} (You found it on level 3 of the Snake
                  | Pit)
 38079 | Snake:4  | Entered Level 4 of the Snake Pit
 38119 | Snake:4  | Learned a level 8 spell: Ignition
 38259 | Snake:4  | Reached XP level 18. HP: 101/112 MP: 33/33
 38561 | Snake:4  | Noticed Nikola
 38587 | Snake:4  | Killed Nikola
 39372 | Snake:4  | Offered knowledge of Lehudib's Crystal Spear by Vehumet.
 39372 | Snake:4  | Offered knowledge of Fire Storm by Vehumet.
 39372 | Snake:4  | Offered knowledge of Chain Lightning by Vehumet.
 40043 | Snake:4  | Got a serpentine rune of Zot
 40479 | Shoals:1 | Entered Level 1 of the Shoals
 41483 | Shoals:1 | Reached skill level 10 in Dodging
 42148 | Shoals:2 | Found Buzeorim's Assorted Antiques.
 42156 | Shoals:2 | Bought a scroll of enchant armour for 202 gold pieces
 42156 | Shoals:2 | Bought a scroll of identify for 54 gold pieces
 42156 | Shoals:2 | Bought a scroll of enchant armour for 202 gold pieces
 42845 | Shoals:3 | Found Wyreveor's Magic Scroll Boutique.
 42849 | Shoals:3 | Bought a scroll of identify for 22 gold pieces
 42849 | Shoals:3 | Bought a scroll of identify for 22 gold pieces
 42849 | Shoals:3 | Bought a scroll of enchant weapon for 82 gold pieces
 42849 | Shoals:3 | Bought a scroll of identify for 22 gold pieces
 42849 | Shoals:3 | Bought a scroll of teleportation for 33 gold pieces
 42849 | Shoals:3 | Bought a scroll of identify for 22 gold pieces
 42849 | Shoals:3 | Bought a scroll of teleportation for 33 gold pieces
 42849 | Shoals:3 | Bought a scroll of identify for 22 gold pieces
 43047 | Shoals:3 | Reached skill level 15 in Earth Magic
 43061 | Shoals:3 | Reached XP level 19. HP: 105/117 MP: 34/34
 43777 | Shoals:3 | Found Pubbuaw's Weapon Boutique.
 43962 | Shoals:4 | Entered Level 4 of the Shoals
 43962 | Shoals:4 | Found Licism's Antique Armour Emporium.
 44580 | Shoals:4 | Identified the cursed +1 robe "Weogudi" {rF+ rC+ Int-2
                  | SInv} (You found it on level 4 of the Shoals)
 45105 | Shoals:4 | Noticed Polyphemus
 45123 | Shoals:4 | Killed Polyphemus
 45181 | Shoals:4 | Found Wohoec's Magic Scroll Boutique.
 45189 | Shoals:4 | Bought a scroll of teleportation for 45 gold pieces
 45189 | Shoals:4 | Bought a scroll of teleportation for 45 gold pieces
 45189 | Shoals:4 | Bought a scroll of teleportation for 45 gold pieces
 45189 | Shoals:4 | Bought a scroll of identify for 30 gold pieces
 45189 | Shoals:4 | Bought a scroll of identify for 30 gold pieces
 45194 | Shoals:4 | Found Gyoguaf's Weapon Shop.
 45257 | Shoals:4 | Got a barnacled rune of Zot
 46152 | Elf:1    | Entered Level 1 of the Elven Halls
 46363 | Elf:1    | Found Hacut's Magic Scroll Shop.
 46421 | Elf:1    | Bought a scroll of teleportation for 48 gold pieces
 46421 | Elf:1    | Bought a scroll of teleportation for 48 gold pieces
 46421 | Elf:1    | Bought a scroll of blinking for 120 gold pieces
 46421 | Elf:1    | Bought a scroll of magic mapping for 56 gold pieces
 46421 | Elf:1    | Bought a scroll of identify for 32 gold pieces
 46514 | Elf:1    | Reached XP level 20. HP: 124/124 MP: 25/36
 46687 | Elf:1    | Identified the Volume of Supportive Conjuration
 46946 | Elf:1    | Reached skill level 10 in Evocations
 47003 | Elf:1    | Found an ancient bone altar of Kikubaaqudgha.
 47981 | Elf:2    | Found Uniyr's Magic Scroll Boutique.
 48446 | Elf:2    | Found a shimmering blue altar of Sif Muna.
 48448 | Elf:2    | Bought a scroll of identify for 28 gold pieces
 48448 | Elf:2    | Bought a scroll of blinking for 105 gold pieces
 48448 | Elf:2    | Bought a scroll of identify for 28 gold pieces
 48448 | Elf:2    | Bought a scroll of blinking for 105 gold pieces
 48448 | Elf:2    | Bought a scroll of identify for 28 gold pieces
 48448 | Elf:2    | Bought a scroll of teleportation for 42 gold pieces
 48505 | Elf:2    | Found a runed translucent gate.
 48505 | Elf:2    | Found a runed translucent gate.
 48505 | Elf:2    | Found a runed translucent gate.
 49214 | Elf:3    | Entered Level 3 of the Elven Halls
 49225 | Elf:3    | Found Wotiruvu's Antique Weapon Shoppe.
 49292 | Elf:3    | Found Pouts's Jewellery Boutique.
 49824 | Elf:3    | Reached skill level 15 in Maces & Flails
 50257 | Elf:3    | Identified the +7 scimitar of Sloth {vorpal, rF+}
 50445 | Elf:3    | Reached skill level 15 in Fire Magic
 50512 | Elf:3    | Found a runed translucent door.
 50513 | Elf:3    | Found a shimmering altar of Xom.
 50513 | Elf:3    | Noticed ZangPog's ghost (adept DsGl)
 50514 | Elf:3    | Identified the +10 scythe of Dasain {chaos, *Noise MR+++
                  | Str-3 Stlth+}
 50893 | Elf:3    | Identified the +1 flail "Jajil" {drain, +Inv MP+9 Str-5
                  | Dex+8}
 50894 | Elf:3    | Cast into level 2 of the Abyss (a deep elf sorcerer)
 51249 | Abyss:2  | Noticed a bone dragon
 51261 | Abyss:2  | Killed a bone dragon
 51263 | Elf:3    | Escaped the Abyss
 51263 | Elf:3    | Identified the +0 leather armour "Olyu" {rF+ rN+ Str+3
                  | Stlth-}
 51264 | Elf:3    | Identified the ring of Nipneimuf {*Corrode +Inv rC+ Dex+10
                  | SInv}
 51655 | Elf:3    | Reached XP level 21. HP: 78/131 MP: 15/37
 51658 | Elf:3    | Identified the ring "Bycraol" {rF+ MR+ MP+9 Stlth-}
 52315 | Elf:3    | Found a runed translucent door.
 52318 | Elf:3    | Found a shimmering altar of Xom.
 52411 | Elf:3    | Found Pouts's Jewellery Boutique.
 52711 | Elf:3    | Found Wotiruvu's Antique Weapon Shoppe.
 53418 | Vaults:1 | Entered Level 1 of the Vaults
 53985 | Vaults:1 | Found Sasakhli's Jewellery Shop.
 53997 | Vaults:1 | Bought the ring of Phasing {EV+8} for 1280 gold pieces
 53997 | Vaults:1 | Found the ring of Phasing {EV+8}
 54225 | Vaults:1 | Reached skill level 15 in Conjurations
 55469 | Vaults:2 | Reached XP level 22. HP: 97/138 MP: 24/39
 55988 | Vaults:2 | Noticed Sojobo
 56191 | Vaults:2 | Killed Sojobo
 56322 | Vaults:2 | Noticed Bai Suzhen
 56352 | Vaults:2 | Killed Bai Suzhen
 56539 | Vaults:2 | You are sucked into a shaft and drop 2 floors!
 56717 | Vaults:4 | Noticed Frederick
 56726 | Vaults:4 | Killed Frederick
 58115 | Vaults:2 | Paralysed by a great orb of eyes for 4 turns
 58902 | Vaults:3 | Reached skill level 15 in Fighting
 58953 | Vaults:3 | Reached XP level 23. HP: 86/144 MP: 33/40
 59407 | Vaults:3 | Identified the +7 hand axe of Puogh {vorpal, MR+ Str+2}
 60038 | Vaults:3 | Found a staircase to the Crypt.
 61013 | Vaults:4 | Noticed Boris
 61019 | Vaults:4 | Killed Boris
 61216 | Vaults:4 | Noticed Mennas
 61562 | Vaults:4 | Killed Mennas
 62566 | Vaults:5 | Entered Level 5 of the Vaults
 62574 | Vaults:5 | Noticed a golden dragon
 62580 | Vaults:5 | Reached XP level 24. HP: 152/152 MP: 10/41
 62809 | Vaults:4 | Learned a level 9 spell: Shatter
 62837 | Vaults:5 | HP: 6/152 [fire giant/bolt of fire (18)]
 62935 | Vaults:5 | Killed from afar by a deep elf mage

Illustrated notes

Levels and vault maps discovered:
D:1:      shiori_arrival_whats_in_store_for_you, layout_basic
D:2:      layout_rooms, gammafunk_temple_overflow_claw,
          chequers_ecumenical_altar_twisty
D:3:      layout_basic, lemuel_round_altar, trog_wizard
D:4:      layout_loops_corners, cheibriados_altar_1
D:5:      layout_rooms, dancing_weapons_uskayaw, minmay_temple_entry_overgrown,
          minmay_circle_x, uniq_crazy_yiuf_cottage
D:6:      layout_gridville, minivault_14, okawaru_trees_2, uniq_grinder,
          uniq_pikel, uniq_maggie
D:7:      layout_layer_cave, lemuel_round_altar, serial_shops, shop,
          uniq_prince_ribbit1
D:8:      layout_basic, kennysheep_mini_moat, basic_altar
D:9:      layout_roguey, minmay_fountain_box
D:10:     layout_loops_corners, due_lair_maze_entry_diamond, feat_on_display
D:11:     layout_basic, basic_altar, nicolae_transmutations_shop
D:12:     layout_rooms, orc_0_dummy
D:13:     layout_basic
D:14:     layout_roguey, skrybe_vaults_entry_preservation, basic_altar,
          chequers_serial_rivers_marsh
D:15:     grunt_enter_depths_hoard, layout_gridville, special_room
          [special_room_mythical_zoo], hangedman_abyss_or_decor_passed
Temple:   jpeg_temple_clearing
Lair:1:   gammafunk_boulding_lane, layout_layer_cave, basic_altar,
          beast_lair_carwin_6, serial_bayou_shore_a
Lair:2:   layout_regular_city, minmay_snake_entry_six_corridors,
          chequers_serial_rivers_room_b, gammafunk_lair_bear_cave,
          serial_bayou_shore_b, infiniplex_staircase_pool_2,
          lemuel_fruit_fields, uniq_sonja
Lair:3:   layout_cave_shapes, hellmonk_ghost_happy_afterlife, grunt_megastairs_1
Lair:4:   layout_gridlike, elwin_shoals_entry_rooms, grunt_megastairs_4,
          lemuel_fruit_fields, minmay_lair_oklob_chamber
Lair:5:   layout_concentric_octagons, slime_altar_1, gauntlet_entry_generic,
          st_stairs_13, minmay_another_anthill
Lair:6:   minmay_lair_end_frog_pond, layout_big_grid, bh_autumn_forest_stairs,
          chequers_serial_rivers_micro_a
Shoals:1: layout_shoals
Shoals:2: layout_shoals, serial_shops, nicolae_shop_competitors_out_of_business,
          nicolae_shoals_aquamancer_cove
Shoals:3: layout_shoals, serial_shops, nicolae_shop_behind_doors,
          nicolae_shoals_circle_sea_wall, nicolae_shoals_c_island
Shoals:4: shoals_end_hangedman, layout_shoals, serial_shops, shop, shop, shop,
          nicolae_shoals_seven_spires, yaktaur_hedge, uniq_polyphemus
Snake:1:  layout_onion_interference, guppyfry_library_mini, uniq_josephine
Snake:2:  layout_cave_pods, uniq_asterion, uniq_vashnia
Snake:3:  layout_grid_shapes, drop_trap, nicolae_snake_single_loop,
          guppyfry_snake_island, grunt_megastairs_2, minmay_shop_grove
Snake:4:  snake_pit, layout_rooms, serial_bayou_shore_b, uniq_nikola
Orc:1:    layout_caves, enter_volcano_2, gammafunk_ghost_cemetery,
          hangedman_minor_magic
Orc:2:    pubby_orc_utopia
Elf:1:    minmay_elf_arrival_summoners, layout_loops_cross, serial_shops, shop,
          basic_altar, minmay_elf_sorcery
Elf:2:    layout_onion_city, basic_altar, serial_shops, shop,
          lemuel_flamethrower_hall
Elf:3:    elf_hall, layout_onion_city, ebering_ghost_xom, serial_shops, shop,
          minmay_shop_star
Vaults:1: v_rooms_5, v_pattern_4, nicolae_vaults_little_squares_2,
          ontoclasm_vaults_chip, hangedman_vaults_corner_blocks, v_misc_30,
          nicolae_vaults_little_ls, ontoclasm_vaults_loading_screen,
          ontoclasm_vaults_tryst, grunt_vaults_funnel,
          ontoclasm_vaults_decontamination, nicolae_vaults_theta,
          ontoclasm_vaults_pinch, dpeg_vaults_monster_box,
          vaults_dpeg_encased_lava, nicolae_vaults_quadrants,
          ontoclasm_vaults_fault, layout_vaults_ring, serial_shops, shop
Vaults:2: v_alt_pattern_1, hangedman_vaults_nails, ontoclasm_vaults_eye,
          nicolae_vaults_network_quincunx
          [nicolae_vaults_network_quincunx_subvault,
          nicolae_vaults_network_quincunx_subvault,
          nicolae_vaults_network_quincunx_subvault,
          nicolae_vaults_network_quincunx_subvault,
          nicolae_vaults_network_quincunx_subvault], serial_ice_b,
          nicolae_vaults_twisting_passages, v_misc_29, vaults_room_semicircle,
          nicolae_vaults_ninety_degrees, hangedman_vaults_stretched_pinwheel,
          layout_vaults_chaotic_city, uniq_sojobo, uniq_bai_suzhen
Vaults:3: st_greater_box_1, minmay_crypt_entry_simple_box,
          hangedman_vaults_stitches, nicolae_vaults_little_squares_2, v_misc_11,
          v_misc_2, ontoclasm_vaults_shuriken, nicolae_vaults_yaktaur_gun_rack,
          vaults_room_pools, nicolae_vaults_shelves_hall, hangedman_vaults_trim,
          nicolae_vaults_little_squares_1, hangedman_vaults_stretched_pinwheel,
          v_misc_10, layout_vaults_omnicross
Vaults:4: v_alt_pattern_2, vaults_mumra_minichess, v_misc_31, vaults_room_pool,
          nicolae_vaults_diagonal_hallway_8, v_alt_pattern_6,
          nicolae_vaults_stairing_the_circle, hangedman_vaults_nodes, v_misc_14,
          ontoclasm_vaults_ligature, grunt_vaults_diagonal,
          layout_vaults_omnibox, uniq_frederick, uniq_boris, uniq_margery,
          uniq_mennas
Vaults:5

Skill      XL: |  1  2  3  4  5  6  7  8  9 10 11 12 13 14 15 16 17 18 19 20 21 22 23 24 |
---------------+-------------------------------------------------------------------------+-----
Earth Magic    | 4 5 6 7 8 9 10 11 12 13 14 15 16 17 18 | 18.4
Conjurations   | 1 2 3 5 6 7 8 9 10 11 12 13 14 15 16 | 16.7
Spellcasting   | 3 4 5 6 7 8 9 10 11 12 13 14 | 14.6
Fighting       | 2 3 5 6 7 8 9 10 11 12 13 14 15 16 | 16.0
Maces & Flails | 2 3 4 5 7 8 10 11 12 13 14 15 16 | 16.0
Armour         | 2 3 5 6 |  6.0
Dodging        | 2 3 4 5 6 7 8 9 10 11 12 | 12.9
Evocations     | 2 3 4 5 6 7 8 9 10 | 10.0
Fire Magic     | 2 6 8 10 11 12 13 14 15 16 17 18 | 18.5
Stealth        | |  2.1
Transmutations | |  0.7

Action                   |  1- 3 |  4- 6 |  7- 9 | 10-12 | 13-15 | 16-18 | 19-21 | 22-24 || total
-------------------------+-------+-------+-------+-------+-------+-------+-------+-------++-------
Melee: Short sword       |    81 |       |       |       |       |       |       |       ||    81
       Unarmed           |     6 |       |       |       |       |       |       |       ||     6
       Club              |     3 |       |       |       |       |       |       |       ||     3
       Falchion          |    26 |   105 |   170 |   459 |   680 |       |       |       ||  1440
       Morningstar       |       |       |       |       |   300 |  1142 |   808 |   356 ||  2606
 Cast: Sandblast         |    11 |     3 |     4 |     9 |    31 |     3 |     1 |       ||    62
       Stone Arrow       |       |     2 |    13 |    37 |    11 |     7 |       |       ||    70
       Lee's Rapid Decon |       |       |       |    32 |    80 |    48 |    31 |    24 ||   215
       Iron Shot         |       |       |       |     6 |    74 |   131 |   116 |   106 ||   433
       Bolt of Magma     |       |       |       |       |    17 |       |       |       ||    17
       Fireball          |       |       |       |       |     9 |    15 |     7 |       ||    31
       Starburst         |       |       |       |       |       |    26 |       |       ||    26
       Passwall          |       |       |       |       |       |     1 |       |       ||     1
       Ignition          |       |       |       |       |       |     1 |    58 |    67 ||   126
       Shatter           |       |       |       |       |       |       |       |     1 ||     1
 Abil: Fly               |       |       |       |       |     1 |       |       |       ||     1
Evoke: Wand              |       |       |     5 |     1 |     4 |     3 |     3 |     2 ||    18
       Condenser vane    |       |       |       |       |     1 |     8 |     4 |     5 ||    18
       Tin of tremorston |       |       |       |       |       |    13 |     1 |     3 ||    17
  Use: Scroll            |       |     7 |     7 |    12 |    12 |    20 |     9 |    11 ||    78
       Potion            |       |     4 |     2 |     5 |     2 |     4 |     5 |     7 ||    29
 Stab: Sleeping          |     1 |     1 |     6 |     2 |     5 |     4 |     1 |       ||    20
       Invisible         |       |       |       |     1 |     1 |       |       |       ||     2
       Distracted        |       |       |       |       |     1 |     1 |     1 |     1 ||     4
       Petrified         |       |       |       |       |       |       |     1 |       ||     1
Armor: Robe              |    54 |    34 |    31 |       |       |       |       |    56 ||   175
       Skin              |       |       |     1 |       |       |       |       |       ||     1
       Steam dragon scal |       |       |    27 |   254 |   647 |   725 |   483 |   114 ||  2250
Dodge: Dodged            |   105 |   106 |   121 |   509 |  1077 |  1201 |   743 |   347 ||  4209
Block: Other             |       |     5 |    46 |   134 |   342 |   329 |   174 |    73 ||  1103
       Reflection        |       |       |     2 |     5 |     2 |    31 |    17 |     8 ||    65
       Rpst.: Falchion   |    10 |    28 |    42 |   138 |   214 |       |       |       ||   432

Table legend: (Time is in decaauts)
 A = Elapsed time spent in this place.
 B = Non-inter-level travel time spent in this place.
 C = Inter-level travel time spent in this place.
 D = Time resting spent in this place.
 E = Time spent auto-exploring this place.
 F = Levels seen in this place.
 G = Mean time per level.
                   A        B        C        D        E       F      G
               +--------+--------+--------+--------+--------+-----+--------+
         Total |  63212 |  60065 |   3147 |  14117 |  34292 |  42 | 1505.0 |
       Dungeon |  19033 |  17648 |   1385 |   2587 |  11899 |  15 | 1268.9 |
        Temple |      1 |      1 |      0 |      0 |      0 |   1 |    1.0 |
          Lair |  10559 |   9915 |    644 |   2119 |   5845 |   6 | 1759.8 |
        Shoals |   5464 |   5294 |    170 |    957 |   3352 |   4 | 1366.0 |
     Snake Pit |   7205 |   6943 |    262 |   3352 |   2268 |   4 | 1801.2 |
  Orcish Mines |   3864 |   3626 |    238 |    585 |   1967 |   2 | 1932.0 |
   Elven Halls |   6701 |   6557 |    144 |   2170 |   3209 |   3 | 2233.7 |
        Vaults |   9351 |   9049 |    302 |   2009 |   5406 |   5 | 1870.2 |
         Abyss |    362 |    362 |      0 |    146 |    122 |   1 |  362.0 |
      Gauntlet |    668 |    668 |      0 |    192 |    224 |   1 |  668.0 |
               +--------+--------+--------+--------+--------+-----+--------+

Top non-repeatable levels by time:
   Elf:3: 3276 daAuts
   Orc:2: 3031 daAuts
Vaults:3: 2853 daAuts
 Snake:3: 2508 daAuts
   Elf:2: 2234 daAuts
  Lair:6: 2179 daAuts
Vaults:4: 2178 daAuts
Vaults:1: 2144 daAuts
  Lair:4: 2127 daAuts
Vaults:2: 2060 daAuts
  Lair:2: 1913 daAuts
 Snake:2: 1904 daAuts
Shoals:4: 1866 daAuts
    D:14: 1850 daAuts
 Snake:1: 1703 daAuts
